 Dungeon Crawl Stone Soup version 0.23.2-30-g0e89c35 (webtiles) character file.

Game seed: 15524776133380579743

155 ubername the Slasher (level 5, -1/47 HPs)
             Began as a Minotaur Monk on June 7, 2019.
             Killed from afar by an orc wizard (4 damage)
             ... with a magic dart
             ... on level 3 of the Dungeon.
             The game lasted 00:04:04 (1579 turns).

ubername the Slasher (Minotaur Monk)                Turns: 1579, Time: 00:04:05

Health: -1/47      AC:  6    Str: 19    XL:     5   Next: 14%
Magic:  4/4        EV: 11    Int:  7    God:
Gold:   49         SH:  3    Dex: 12    Spells: 4/4 levels left

rFire    . . .     SeeInvis .   d - +1 spear (flame)
rCold    . . .     Gourm    .   m - +0 buckler
rNeg     . . .     Faith    .   g - +0 scale mail
rPois    .         Spirit   .   (helmet restricted)
rElec    .         Reflect  .   (no cloak)
rCorr    .         Harm     +   (no gloves)
MR       .....                  f - +0 pair of boots
Stlth    ..........             o - amulet of harm
HPRegen  0.15/turn              n - -3 ring of protection (curse)
MPRegen  0.09/turn              (no ring)

@: very slightly contaminated
A: retaliatory headbutt, horns 2, iridescent scales 1, strong 1
a: no special abilities


You were on level 3 of the Dungeon.
You were not hungry.

You visited 1 branch of the dungeon, and saw 3 of its levels.

You collected 49 gold pieces.

Inventory:

Hand Weapons
 a - a +0 falchion
 d - a +1 spear of flaming (weapon)
 s - a +0 flail
Missiles
 e - 42 sling bullets
 i - 102 stones (quivered)
Armour
 b - a +0 robe
 f - a +0 pair of boots (worn)
 g - a +0 scale mail (worn)
 m - a +0 buckler (worn)
Jewellery
 n - a cursed -3 ring of protection (left hand)
 o - an amulet of harm (around neck)
Scrolls
 j - a scroll of amnesia
 r - a scroll of identify
Comestibles
 c - 2 rations
 l - 2 chunks of flesh


   Skills:
 + Level 4.7 Fighting
 + Level 5.0 Long Blades
 + Level 1.5 Armour
 + Level 4.4 Dodging
 + Level 1.8 Stealth


You had 4 spell levels left.
You didn't know any spells.
Your spell library was empty.

Dungeon Overview and Level Annotations

Branches:
Dungeon (3/15)

Altars:

Annotations:
D:3 Jessica


Innate Abilities, Weirdness & Mutations

You reflexively headbutt those who attack you in melee.
You have a pair of horns on your head.
You are partially covered in iridescent scales. (AC +2)
Your muscles are strong. (Str +2)


Message History

You barely miss the orc wizard.
The orc wizard is moderately wounded.
The orc wizard casts a spell.
The orc wizard blinks!
The orc wizard gestures wildly while chanting.
The orc wizard seems to speed up.
You aren't carrying any potions.
Blink to where?
Press: ? - help, Dir - move target cursor You are very lightly contaminated with residual magic.
As you read the scroll of blinking, it crumbles to dust.
The orc wizard casts a spell.
The orc wizard blinks!
The orc wizard hits you with a +0 dagger.
* * * LOW HITPOINT WARNING * * *
You hit the orc wizard. You burn the orc wizard.
The orc wizard is moderately wounded.
The orc wizard gestures at you while chanting.
The magic dart hits you.
You die...

,,,,,,,,,,,,,,,,* *,,,,,,**
*,*,,,,,**,,,,,,******,,,,,,,**
*,*,,,,,***,,,*,,,,,,.........*
*,******* **,*******##.......#***
*,* *,,,,,,,,.........,,,, *,*
#,******##.......***** *,*
#.#*#####<.....### *,*
****###...#............##***
,,****,,,.......@.##.......g.@,,,
,,,,,,,,,.##.#.##o###.§.#,*,*****
,,****,**,**,#,#.#.###†##,*,* **
,,,,,,,**,**,*,##.## #(#*,*,* **,
,,*******,**,*,*#o# #.#*,*,* *,,
,,**,,,,,,,,,,,*#.# #.#*,*,* *,,
,,**,****,*#.####§####)#*,*,**#.,
,,,,,,,,,,*#.o.....).).#*,*,,,.#,
*,***<*****######.######*,**##.#*


You could see an orc wizard.

Vanquished Creatures
  2 orc wizards (D:3)
  3 gnolls (D:2)
  2 adders (D:3)
  2 dart slugs (D:1)
  3 leopard geckos
  8 orcs (D:3)
  2 giant cockroaches (D:1)
  4 hobgoblins
  3 jackals (D:3)
  A bat (D:2)
  2 frilled lizards (D:3)
  3 goblins
  5 kobolds
  6 rats
46 creatures vanquished.

Notes
Turn   | Place    | Note
-------+----------+-------------------------------------------
     0 | D:1      | ubername the Minotaur Monk began the quest for the Orb.
     0 | D:1      | Reached XP level 1. HP: 19/19 MP: 0/0
   181 | D:1      | Reached XP level 2. HP: 24/27 MP: 1/1
   246 | D:1      | Reached skill level 4 in Long Blades
   785 | D:2      | Reached XP level 3. HP: 23/33 MP: 2/2
   788 | D:2      | HP: 1/33 [gnoll/+1 spear of flaming (2)]
  1320 | D:3      | Reached XP level 4. HP: 32/41 MP: 3/3
  1422 | D:3      | Gained mutation: Your muscles are strong. (Str +2) [potion
                  | of mutation]
  1422 | D:3      | Gained mutation: You are partially covered in iridescent
                  | scales. (AC +2) [potion of mutation]
  1497 | D:3      | Reached skill level 1 in Armour
  1509 | D:3      | Reached skill level 5 in Long Blades
  1515 | D:3      | Noticed Jessica
  1557 | D:3      | Reached XP level 5. HP: 17/47 MP: 4/4
  1565 | D:3      | HP: 2/47 [orc wizard/magic dart (4)]
  1578 | D:3      | HP: 2/47 [orc wizard/+0 dagger (2)]
  1579 | D:3      | Killed from afar by an orc wizard

Skill      XL: |  1  2  3  4 |
---------------+-------------+-----
Long Blades    | 4 5 |  5.0
Fighting       | 4 |  4.7
Dodging        | 4 |  4.4
Armour         | 1 |  1.5
Stealth        | |  1.8

Action                   |  1- 3 |  4- 6 || total
-------------------------+-------+-------++-------
Melee: Falchion          |    37 |       ||    37
       Headbutt          |     6 |     9 ||    15
       Spear             |    12 |    44 ||    56
  Use: Scroll            |     3 |     4 ||     7
       Potion            |     1 |     5 ||     6
  Eat: Chunk             |       |     2 ||     2
Armor: Scale mail        |    22 |     9 ||    31
Dodge: Dodged            |    25 |    18 ||    43
Block: Buckler           |     4 |     5 ||     9
       Rpst.: Falchion   |     6 |       ||     6
